AoeStats
← RFR_im_no_pro

Arabia

510269269Analyzed
2v2 RM · 17h ago on Sep 30, 2026· 38m 53s· 4 players
Game mode
Random Map
Map size
Medium (4 player)
Population
200
Speed
Normal
Resources
Standard
Victory
Conquest
Starting age
Dark Age
Ending age
Imperial Age
RankedLock teamsTeams togetherTeam positionsShared explorationLock speedFull tech treeHidden civsTurbo modeCheats
Victory
Defeat
🇫🇷 Wu · France
1434
+18
🇦🇺 Malay · Australia
1408
+19
🇳🇴 Hindustanis · Norway
1522
-20
🇸🇪 Koreans · Sweden
1441
-17
vaeVictis
10:15 Feudal Age
11:04 Double-Bit Axe
10:57 Man-at-Arms
12:22 Loom
17:18 Scale Mail Armor
17:15 Arson
19:51 Wheelbarrow
27:23 Castle Age
26:05 Stone Mining
26:55 Forging
26:59 Horse Collar
27:46 Gold Mining
28:26 Bow Saw
28:23 Squires
28:58 Chain Mail Armor
30:25 Iron Casting
35:53 Fletching
36:55 Bodkin Arrow
37:59 Heavy Plow
AutoEveryThing
7:45 Loom
10:03 Feudal Age
10:19 Double-Bit Axe
11:30 Horse Collar
18:44 Fletching
19:22 Padded Archer Armor
23:14 Castle Age
22:28 Scale Barding Armor
22:20 Gold Mining
24:22 Forging
25:22 Bow Saw
25:37 Husbandry
38:22 Wheelbarrow
RFR_im_no_pro
7:35 Loom
9:45 Feudal Age
10:15 Double-Bit Axe
14:40 Horse Collar
16:13 Fletching
18:00 Wheelbarrow
23:29 Castle Age
21:48 Gold Mining
23:41 Crossbowman
24:18 Bodkin Arrow
24:33 Bow Saw
29:04 Ballistics
32:34 Thumb Ring
33:26 Stone Mining
33:37 Heavy Plow
[GRR] Lemmit
6:34 Loom
9:01 Feudal Age
9:40 Double-Bit Axe
10:29 Horse Collar
10:58 Town Watch
16:30 Scale Barding Armor
19:31 Forging
22:57 Bloodlines
22:55 Fletching
23:59 Wheelbarrow
27:28 Castle Age
27:46 Gold Mining
27:35 Light Cavalry
28:33 Bow Saw
29:23 Chain Barding Armor
31:15 Hand Cart
33:52 Gold Shaft Mining
33:09 Stone Mining
33:23 Guard Tower
34:56 Murder Holes
36:01 Bodkin Arrow
Connection lost

Rejoining the realm…

Still unreachable

The connection could not be restored.

Session expired

The server has moved on; the page needs a fresh start.